 Dungeon Crawl Stone Soup version 0.21-a0-552-g593960d (webtiles) character file.

956 polly the Cudgeler (level 7, -6/55 HPs)
             Began as a Demonspawn Berserker on Dec 18, 2017.
             Was a Priest of Trog.
             Mangled by a large abomination (26 damage)
             ... on level 1 of the Abyss.
             The game lasted 00:09:05 (4851 turns).

polly the Cudgeler (Demonspawn Berserker)           Turns: 4851, Time: 00:09:06

Health: -6/55      AC: 10    Str: 17    XL:     7   Next: 91%
Magic:  7/7        EV: 10    Int:  8    God:    Trog [***...]
Gold:   246        SH:  0    Dex: 15    Spells: 6/6 levels left

rFire    . . .     SeeInvis .   a - +0 mace
rCold    . . .     Gourm    .   (no shield)
rNeg     . . .     Faith    .   p - +0 chain mail
rPois    .         Spirit   .   (no helmet)
rElec    .         Reflect  .   (no cloak)
rCorr    .         Harm     .   (no gloves)
MR       .....                  s - +0 pair of boots
Stlth    ..........             o - amulet of regeneration
HPRegen  0.58/turn              f - ring of flight
MPRegen  0.10/turn              (no ring)

@: silenced
A: hooves 1, repulsion field 1, powered by death 1
a: Renounce Religion, Evoke Flight


You were on level 1 of the Abyss.
You worshipped Trog.
Trog was most pleased with you.
You were not hungry.

You visited 1 branch of the dungeon, and saw 6 of its levels.
You visited the Abyss 1 time.

You collected 246 gold pieces.

Inventory:

Hand Weapons
 a - a +0 mace (weapon)
 y - a +1 war axe of electrocution
Missiles
 w - a throwing net (quivered)
Armour
 p - a +0 chain mail (worn)
 s - a +0 pair of boots (worn)
Jewellery
 f - a ring of flight (left hand)
 o - an amulet of regeneration (around neck)
Wands
 A - a wand of flame (26)
Scrolls
 d - 3 scrolls of teleportation
 e - 2 scrolls of fear {unknown}
 h - 2 scrolls of remove curse
 i - 2 scrolls of noise {unknown}
 j - a scroll of blinking {unknown}
 k - 3 scrolls of magic mapping
 m - 3 scrolls of identify {unknown}
 v - 2 scrolls of enchant weapon {unknown}
 x - a scroll of fog {unknown}
 z - a scroll of enchant armour {unknown}
Potions
 l - a potion of lignification {unknown}
 r - a potion of agility {unknown}
 t - a potion of invisibility {unknown}
 u - a potion of might {unknown}
Books
 g - a book of Misfortune

   Spells                             Type                      Level
   a - Confusing Touch                Hexes                        1
   b - Confuse                        Hexes                        3
   c - Gell's Gravitas                Translocation                3
   d - Petrify                        Transmutation/Earth          4
   e - Metabolic Englaciation         Hexes/Ice                    5
   f - Yara's Violent Unravelling     Hexes/Transmutation          5
   Trog disapproves of the use of such an item.
Comestibles
 b - a royal jelly
 c - 2 bread rations
 n - 4 fruits
 q - 3 meat rations


   Skills:
 + Level 4.9 Fighting
 + Level 6.3 Maces & Flails
 + Level 4.0 Armour
 + Level 3.2 Dodging
 + Level 1.0 Stealth


You had 6 spell levels left.
You didn't know any spells.

Dungeon Overview and Level Annotations

Branches:
Dungeon (6/15)             Temple (0/1) D:4

Altars:
Hepliaklqana
Makhleb
Trog
Xom

Annotations:
D:4 Edmund


Innate Abilities, Weirdness & Mutations

You have large cloven feet.
You are surrounded by a mild repulsion field. (EV +2)
You regenerate a little health from kills.


Message History

Found a royal jelly.
A large abomination comes into view.
A raiju comes into view.
Okay, then.
The raiju barely misses you.
A raiju comes into view.
The raiju moves out of view.
A raiju comes into view.
The raiju bursts into living lightning!
The living lightning hits you!
The raiju blinks!
The raiju bursts into living lightning!
The living lightning hits you!
The raiju blinks!
You closely miss the raiju. The raiju bites you but does no damage.
A raiju comes into view.
Tentacles burst from the starspawn's body!
The raiju bursts into living lightning!
The living lightning hits you!
The raiju blinks! 2 starspawn tentacles come into view.
The large abomination hits you!!
You die...

.. .. ..## ##..# ##
#.#.# ##.## .#
#..###.... ..#...#...
. .#@X.#.######
#......#hh#.. ..## #
#.#.##.##W.......#
.#.##. ##.#....#....#
......##.X..........#
..#.............##. #
##..w...... ..### .
## ##...###....#.#
..##### ...#.####..#


You could see a tentacled starspawn, a large abomination, a silent spectre and 2
raiju.

Vanquished Creatures
  The ghost of Coron the Bolt Thrower, an amateur DDHu of Elyvilon (D:4)
  An ice beast (D:5)
  2 ogres (D:4)
  A scorpion (D:4)
  2 hounds
  A centaur skeleton (D:5)
  5 orc wizards
  A worker ant (D:5)
  7 gnolls
  3 adders
  2 worms
  2 leopard geckos
  14 orcs
  2 ball pythons
  10 bats
  A giant cockroach (D:3)
  3 goblins
  5 hobgoblins
  9 jackals
  4 quokkas
  3 frilled lizards (D:3)
  7 kobolds
  7 rats
93 creatures vanquished.

Vanquished Creatures (others)
  6 starspawn tentacles (Abyss:1)
6 creatures vanquished.

Grand Total: 99 creatures vanquished

Notes
Turn   | Place    | Note
-------+----------+-------------------------------------------
     0 | D:1      | polly the Demonspawn Berserker began the quest for the Orb.
     0 | D:1      | Reached XP level 1. HP: 18/18 MP: 1/1
   527 | D:1      | Gained mutation: You are surrounded by a mild repulsion field. (EV +2) [demonic ancestry]
   527 | D:1      | Reached XP level 2. HP: 22/24 MP: 2/2
   598 | D:1      | Reached skill level 3 in Maces & Flails
  1441 | D:2      | Reached XP level 3. HP: 11/29 MP: 3/3
  1765 | D:2      | Reached ** piety under Trog
  2500 | D:3      | Reached XP level 4. HP: 25/35 MP: 4/4
  2850 | D:3      | Reached skill level 4 in Maces & Flails
  3050 | D:3      | Found a sparkling altar of Nemelex Xobeh.
  3052 | D:3      | Found a white marble altar of Elyvilon.
  3052 | D:3      | Found a bloodstained altar of Trog.
  3054 | D:3      | Found a burning altar of Makhleb.
  3054 | D:3      | Found a shimmering altar of Xom.
  3054 | D:3      | Found a bloodstained altar of Trog.
  3113 | D:3      | You fall through a shaft for 3 floors!
  3155 | D:6      | Reached XP level 5. HP: 30/42 MP: 5/5
  3173 | D:6      | Reached *** piety under Trog
  3329 | D:5      | Entered Level 5 of the Dungeon
  3357 | D:5      | Found a hazy altar of Hepliaklqana.
  3372 | D:5      | Gained mutation: You have large cloven feet. [demonic ancestry]
  3372 | D:5      | Reached XP level 6. HP: 28/48 MP: 6/6
  3575 | D:5      | Noticed an ice beast
  3580 | D:5      | Killed an ice beast
  4022 | D:4      | Found a staircase to the Ecumenical Temple.
  4054 | D:4      | Reached skill level 5 in Maces & Flails
  4054 | D:4      | Gained mutation: You regenerate a little health from kills. [demonic ancestry]
  4054 | D:4      | Reached XP level 7. HP: 44/55 MP: 7/7
  4191 | D:4      | Noticed Coron's ghost (amateur DDHu)
  4196 | D:4      | Noticed Edmund
  4212 | D:4      | Killed Coron's ghost
  4212 | D:4      | Reached skill level 6 in Maces & Flails
  4212 | D:4      | Reached skill level 1 in Stealth
  4768 | D:4      | Cast into level 1 of the Abyss (Edmund)
  4814 | Abyss:1  | Noticed a silent spectre
  4829 | Abyss:1  | Noticed a tentacled starspawn
  4839 | Abyss:1  | Noticed a large abomination
  4839 | Abyss:1  | Noticed a raiju
  4844 | Abyss:1  | Noticed a raiju
  4845 | Abyss:1  | Noticed a raiju
  4848 | Abyss:1  | Noticed a raiju
  4851 | Abyss:1  | Mangled by a large abomination

Vault maps used:
D:1:      scummos_arrival_forest
D:2:      minivault_26
D:3:      doesnt_xom_only_xom, first_bread
D:4:      minmay_temple_entry_junction_2, uniq_edmund
D:5:      cheibrodos_quashed, nicolae_ru_the_path_less_chosen, kennysheep_mini,
          uniq_sigmund
D:6:      nicolae_tso_besieged_by_evil

Skill      XL: |  1  2  3  4  5  6  7 |
---------------+----------------------+-----
Dodging        | 2 3 |  3.2
Maces & Flails | 3 4 5 6 |  6.3
Armour         | 2 3 4 |  4.0
Fighting       | 4 |  4.9
Stealth        | 1 |  1.0

Action                   |  1- 3 |  4- 6 |  7- 9 || total
-------------------------+-------+-------+-------++-------
Melee: Mace              |   147 |   198 |    84 ||   429
Invok: Berserk           |       |     3 |     3 ||     6
  Use: Scroll            |       |     2 |     2 ||     4
       Potion            |       |     1 |     1 ||     2
 Stab: Sleeping          |     4 |       |       ||     4
  Eat: Chunk             |     5 |     7 |     6 ||    18
       Fruit             |       |       |     1 ||     1
Armor: Animal skin       |    28 |       |       ||    28
       Ring mail         |    40 |       |       ||    40
       Chain mail        |     4 |   114 |    40 ||   158
Dodge: Dodged            |   185 |   142 |    44 ||   371

Table legend:
 A = Spawn XP
 B = Non-spawn XP
 C = Spawn XP percentage of total XP
 D = Spawn monster count
 E = Non-spawn monster count
 F = Spawn count percentage of total count
 G = Total turns spent on level
                    A         B        C        D         E        F      G
               +---------+---------+-------+---------+---------+-------+---------
         Total |       0 |    1366 |   0.0 |       0 |      93 |   0.0 |  4851
               +---------+---------+-------+---------+---------+-------+---------
           D:1 |       0 |      28 |   0.0 |       0 |      17 |   0.0 |  1275
           D:2 |       0 |      33 |   0.0 |       0 |      13 |   0.0 |  1015
           D:3 |       0 |     121 |   0.0 |       0 |      34 |   0.0 |  1228
           D:4 |       0 |     724 |   0.0 |       0 |      11 |   0.0 |   772
           D:5 |       0 |     293 |   0.0 |       0 |       8 |   0.0 |   262
           D:6 |       0 |     167 |   0.0 |       0 |      10 |   0.0 |   216
               +---------+---------+-------+---------+---------+-------+---------
